 Dungeon Crawl Stone Soup version 0.18-a0-1235-gec8ae2b (webtiles) character file.

951036 Eglamore the Invulnerable (level 27, -2/245 HPs)
             Began as a Minotaur Fighter on July 16, 2015.
             Was the Champion of the Shining One.
             Slain by an Orb Guardian (36 damage)
             ... on level 4 of the Realm of Zot on Feb 5, 2016.
             The game lasted 07:46:29 (109638 turns).

Eglamore the Invulnerable (Minotaur Fighter)      Turns: 109638, Time: 07:46:29

Health: -2/245     AC: 43    Str: 37    XL:     27
Magic:  38/38      EV: 10    Int: 11    God:    the Shining One [******]
Gold:   9519       SH: 38    Dex: 24    Spells: 0 memorised, 26 levels left

rFire  + + +     SeeInvis +     y - +9 sacred scourge (holy)
rCold  + + .     Gourm    .     j - +0 crystal plate armour of Xodwak {rCorr Dex+5}
rNeg   + + +     Faith    .     W - +8 large shield {reflect}
rPois  +         Spirit   .     K - +1 hat of Ashenzari's Approval {rF+ Int+5}
rElec  +         Dismiss  +     M - +1 cloak of the Iron Devil {-Cast Dex+5 Slay+3}
rCorr  +         Reflect  +     R - +1 pair of gloves of Lifelessness {rC+ MR+ Str+4 Stlth+}
SustAt +         Harm     .     A - +2 pair of boots {Fly}
MR     +++..     NoTele   +     a - amulet of Cekugob {Dismiss -Tele rElec rPois rN++ AC+1 EV+1}
Stlth  .......... NoCast   +    O - ring of Morality {SustAt rN+ Str+2 Stlth+}
                                L - ring "Tiguur" {rF++ rC+ Str+2 SInv Stlth-}

@: flying, glowing, extremely resistant to hostile enchantments, extremely
unstealthy
A: retaliatory headbutt, horns 2, deterioration 1, frail 1, screaming 1,
teleportitis 1
a: Divine Shield, Cleansing Flame, Summon Divine Warrior, Renounce Religion,
Stop Flying
}: 7/15 runes: serpentine, barnacled, slimy, silver, golden, obsidian, abyssal


You were on level 4 of the Realm of Zot.
You worshipped the Shining One.
The Shining One was exalted by your worship.
You were very full.

You visited 14 branches of the dungeon, and saw 73 of its levels.
You visited the Abyss 2 times.
You also visited: Labyrinth, Sewer and Ice Cave.

You collected 12022 gold pieces.
You spent 2503 gold pieces at shops.

Inventory:

Hand Weapons
 y - a +9 sacred scourge of holy wrath (weapon)
Armour
 b - a +2 pair of boots of running
 j - the +0 crystal plate armour of Xodwak (worn) {rCorr Dex+5}
   (Okawaru gifted it to you on level 3 of the Crypt)

   It affects your dexterity (+5).
   It protects you from acid and corrosion.
 A - a +2 pair of boots of flying (worn)
 K - the +1 hat of Ashenzari's Approval (worn) {rF+ Int+5}
   (You found it on level 3 of the Elven Halls)

   It affects your intelligence (+5).
   It protects you from fire.
 M - the +1 cloak of the Iron Devil (worn) {-Cast Dex+5 Slay+3}
   (You found it on level 6 of the Pits of Slime)

   It affects your dexterity (+5).
   It affects your accuracy and damage with ranged weapons and melee attacks
   (+3).
   It prevents spellcasting.
 R - the +1 pair of gloves of Lifelessness (worn) {rC+ MR+ Str+4 Stlth+}
   (Okawaru gifted it to you on level 4 of the Depths)

   It affects your strength (+4).
   It protects you from cold.
   It affects your resistance to hostile enchantments.
   It makes you more stealthy.
 T - a +3 gold dragon armour
 W - a +8 large shield of reflection (worn)
Rods
 J - a +8 rod of ignition (16/16)
   (You found it on level 8 of the Lair of Beasts)
 S - a +2 rod of shadows (9/13)
   (You found it on level 1 of the Abyss)
Jewellery
 a - the amulet of Cekugob (around neck) {Dismiss -Tele rElec rPois rN++ AC+1 EV+1}
   (You took it off a minotaur in a labyrinth)

   [amulet of dismissal]

   It may teleport away creatures that harm you.
   It affects your AC (+1).
   It affects your evasion (+1).
   It insulates you from electricity.
   It protects you from poison.
   It greatly protects you from negative energy.
   It prevents most forms of teleportation.
 L - the ring "Tiguur" (left hand) {rF++ rC+ Str+2 SInv Stlth-}
   (You found it on level 5 of the Vaults)

   [ring of loudness]

   It affects your strength (+2).
   It greatly protects you from fire.
   It protects you from cold.
   It lets you see invisible.
   It makes you less stealthy.
 O - the ring of Morality (right hand) {SustAt rN+ Str+2 Stlth+}
   (You found it on level 5 of the Depths)

   [ring of sustain attributes]

   It sustains your strength, intelligence and dexterity.
   It affects your strength (+2).
   It protects you from negative energy.
   It makes you more stealthy.
Wands
 g - a wand of disintegration (6/24)
 i - a wand of teleportation (1/9)
 t - a wand of hasting (7/9)
 D - a wand of disintegration (13/24)
 G - a wand of digging (13/24)
 P - a wand of teleportation (1/9)
 V - a wand of disintegration (8/24)
Scrolls
 c - 2 scrolls of summoning
 d - 11 scrolls of blinking
 e - a scroll of enchant armour
 q - 34 scrolls of remove curse
 s - 13 scrolls of identify
 x - 18 scrolls of magic mapping
 z - 28 scrolls of teleportation
Potions
 f - 7 potions of haste
 h - 20 potions of curing
 k - 4 potions of heal wounds
 l - a potion of brilliance
 u - 4 potions of resistance
 F - 5 potions of might
Comestibles
 m - 13 meat rations
 n - 3 bread rations
 o - a slice of pizza
 X - 4 fruits


   Skills:
 O Level 27 Fighting
 O Level 27 Maces & Flails
 O Level 27 Armour
 O Level 27 Shields
 + Level 24.0 Invocations
 - Level 22.6 Evocations


You had 26 spell levels left.
You didn't know any spells.

Dungeon Overview and Level Annotations

Branches:
Dungeon (15/15)            Temple (0/1) D:6            Lair (8/8) D:9
 Shoals (4/4) Lair:5        Snake (4/4) Lair:6        Slime (6/6) Lair:8
    Orc (4/4) D:9             Elf (3/3) Orc:3        Vaults (5/5) D:14
  Crypt (3/3) Vaults:3       Tomb (3/3) Crypt:3      Depths (5/5) D:15
   Hell (1/1)                 Dis (0/7) Hell            Geh (7/7) Hell
    Coc (0/7) Hell            Tar (0/7) Hell            Zot (5/5) Depths:5

Altars:
Ashenzari
Cheibriados
Dithmenos
Elyvilon
Fedhas
Kikubaaqudgha
Makhleb
Nemelex Xobeh
Okawaru
Sif Muna
Trog
Vehumet
Xom
Yredelemnul
The Shining One
Beogh

Shops:
D:9 =   D:12 :   Orc:1 (   Orc:4 (*[!   Vaults:2 *[[:   Depths:1 :   Depths:5 }

Portals:
Hell: Lair:8 Depths:1 Depths:2 Depths:3 Depths:4 Depths:5
Abyss: Depths:4 Depths:5
Pandemonium: Depths:3
Ziggurat: Depths:2

Annotations:
Lair:5 exclusion: oklob plant
Shoals:2 Polyphemus
Zot:5 exclusions: obsidian statue and orange crystal statue


Innate Abilities, Weirdness & Mutations

You reflexively headbutt those who attack you in melee.
You have a pair of horns on your head.
Your body sometimes deteriorates upon taking damage.
You are frail (-10% HP).
You occasionally shout uncontrollably at your foes.
You are occasionally teleported next to monsters.


Message History

You block the Orb Guardian's attack.
Things that are here:
a long sword; a glowing cloak You block the Orb Guardian's attack.
You hear a distant "Zot"!
The Orb Guardian hits you!!
* * * LOW HITPOINT WARNING * * *
There is a stone staircase leading up, spattered with blood here.
You block the Orb Guardian's attack. You block the moth of wrath's attack.
You block the Orb Guardian's attack.
You fly upwards.
You feel sick.
You are no longer poisoned.
There is a stone staircase leading down, spattered with blood here.
You see here a battleaxe of electrocution.
Wield which item (- for none, * to show all)? (? for menu, Esc to quit)
Okay, then.
Drink which item? (? for menu, Esc to quit)
You feel much better. You block the Orb Guardian's attack.
You block the moth of wrath's attack. The Orb Guardian hits you!!!
You die...

#####.....#### #............#
#.#.###.#....# #...# #.+....#
###### #.#######....# #....#
#...†...#....###.##.#
#######.####.#....#.#
################X####......#.#
...............y@..####†##...##
####......#.....)..# #.......#
#...≈..#........# #######.#
#...≈..#........# ###.#
#...≈..#........# #...#
####......#........# #.###
..##......########## #.#<#
#.##......# ####.#.#
#.##.....:### #..†.#.#


You could see an Orb Guardian (berserk) and a moth of wrath.

Vanquished Creatures
  Asmodeus (Geh:7)
  the Royal Jelly (Slime:6)
  Khufu (Crypt:2)
  2 orbs of fire
  Mara (Tomb:2)
  Mennas (Vaults:3)
  2 ancient liches
  32 greater mummies
  Sojobo (Vaults:2)
  Boris (Crypt:2)
  Frederick (Vaults:3)
  Margery (Depths:4)
  Saint Roka (Crypt:1)
  Geryon (Hell)
  11 golden dragons
  Jory (Vaults:3)
  the Enchantress (Depths:2)
  A profane servitor (Crypt:3)
  8 bone dragons
  An electric golem (Zot:2)
  9 Brimstone Fiends
  Jorgrun (Vaults:1)
  15 tentacled monstrosities
  14 liches
  An Ice Fiend (IceCv)
  Asterion (Depths:2)
  8 Orb Guardians (Zot:5)
  7 deep elf blademasters
  21 titans
  2 quicksilver dragons
  4 deep elf master archers
  20 acid blobs
  2 eldritch tentacles
  9 sphinxes
  3 removed MONS_OCTOPODE_CRUSHERs
  23 tentacled starspawn
  2 Executioners
  Agnes (D:14)
  7 ancient champions
  Kirke (D:12)
  3 shadow dragons (Vaults:5)
  13 storm dragons
  The ghost of soupofsoups the Tortoise, a mighty VSHu of Okawaru (Slime:5)
  14 draconian monks
  7 tengu reavers
  7 revenants
  25 fire giants
  Ilsuiw (Shoals:4)
  9 azure jellies
  The ghost of myllinu the Stickfighter, a powerful MiBe of Trog (Shoals:1)
  A daeva (Abyss:1)
  8 greater nagas (Snake:4)
  5 deep elf sorcerers
  6 draconian knights
  A cacodemon (Abyss:4)
  25 frost giants
  2 iron dragons
  14 vault wardens
  2 ghost moths
  Louise (D:15)
  3 draconian scorchers
  3 curse skulls
  The ghost of worldfamousw the Peltast, a powerful MiFi of the Shining One (Snake:2)
  An emperor scorpion (Depths:2)
  4 draconian zealots
  2 draconian shifters
  An angel (Abyss:4)
  8 ghouls
  An orc warlord (Orc:2)
  11 balrugs
  5 war gargoyles
  16 ironheart preservers
  14 reapers
  3 draconian annihilators
  5 spriggan defenders
  6 vampire knights
  13 very ugly things
  9 removed MONS_SALAMANDER_FIREBRANDs
  A draconian caller (Zot:3)
  7 deep elf annihilators
  33 stone giants
  8 green draconians
  9 deep elf demonologists
  3 salamander stormcallers
  3 lorocyprocas
  9 black draconians
  Azrael (D:13)
  7 purple draconians
  6 white draconians
  4 yellow draconians
  9 mottled draconians
  12 red draconians
  8 bennus
  18 ettins
  A minotaur (Lab)
  3 dire elephants
  A blizzard demon (Abyss:4)
  A crystal guardian (Vaults:4)
  8 death oozes (Slime:6)
  Snorg (D:13)
  7 merfolk javelineers
  15 fire dragons
  6 deep elf death magi
  9 merfolk impalers
  An eidolon (Crypt:2)
  2 green deaths
  A spectral golden dragon (Crypt:3)
  Erolcha (Orc:3)
  32 vault guards
  28 yaktaur captains
  25 mummy priests
  4 quicksilver dragon zombies
  29 jiangshi
  4 deep elf high priests
  18 anacondas
  18 great orbs of eyes
  A great orb of eyes (shapeshifter) (Abyss:4)
  2 quicksilver dragon skeletons
  9 death cobs
  9 entropy weavers
  9 centaur warriors
  14 ice dragons
  13 naga warriors
  11 rakshasas
  16 hydras
  6 death knights
  A catoblepas (Shoals:2)
  4 satyrs
  5 merfolk avatars
  19 ogre magi
  9 merfolk aquamancers
  A spectral stone giant (Crypt:3)
  3 alligator snapping turtles
  5 spriggan air magi
  A queen ant (D:10)
  77 large abominations
  6 deep troll earth magi
  9 spriggan berserkers
  7 shock serpents
  7 vampire magi
  14 naga sharpshooters
  15 dancing weapons
  9 tengu warriors
  12 death yaks
  15 sun demons
  9 deep troll shamans
  17 thrashing horrors
  2 titan zombies
  Sonja (D:14)
  3 iron golems (Hell)
  3 salamander mystics
  4 titan skeletons
  21 hell knights
  24 deep elf knights
  20 hell hogs
  30 wretched stars
  13 ice devils
  4 iron trolls
  2 fire crabs
  48 skeletal warriors
  65 death scarabs
  4 death drakes
  6 soul eaters
  11 unseen horrors
  8 spatial maelstroms
  4 storm dragon skeletons
  6 shadow wraiths
  17 sea snakes
  15 flayed ghosts
  7 spriggan druids (Depths:2)
  13 hill giants
  2 ghost moth zombies
  9 naga ritualists
  7 removed MONS_DEEP_ELF_SUMMONERs
  An unseen horror (shapeshifter) (Depths:1)
  34 deep trolls
  3 anaconda zombies
  4 ice statues
  A shadow dragon zombie (Hell)
  8 phantasmal warriors
  A tengu zombie (Hell)
  3 lindwurms (Depths:5)
  10 necromancers
  15 anubis guards
  2 golden dragon skeletons
  Pikel (D:5)
  70 ugly things
  4 anaconda skeletons
  15 ironbrand convokers
  12 orc knights
  13 harpies
  10 giant orange brains
  2 wolf spider zombies
  3 wizards
  5 stone giant zombies
  A lindwurm (shapeshifter) (Vaults:5)
  11 griffons
  9 mana vipers
  5 orc sorcerers
  An orb spider (Abyss:2)
  A fire giant zombie (Vaults:4)
  15 manticores
  10 fauns
  A shadow dragon skeleton (Abyss:2)
  19 removed MONS_DEEP_ELF_CONJURERs
  A manticore (shapeshifter) (Abyss:2)
  18 moths of wrath
  21 salamanders
  89 slime creatures
  5 wolf spiders
  2 iron dragon zombies (Depths:1)
  4 oklob plants (Snake:3)
  6 cyclopes
  6 worldbinders
  A sphinx skeleton (Crypt:1)
  6 shining eyes
  3 hornets
  A moth of wrath (shapeshifter) (Vaults:4)
  A shining eye (shapeshifter) (Abyss:4)
  27 elephants
  7 water nymphs
  A cyclops (shapeshifter) (Abyss:1)
  2 frost giant zombies
  5 sixfirhies
  4 frost giant skeletons
  4 iron dragon skeletons
  17 guardian serpents
  27 naga magi
  5 rust devils
  Maurice (D:8)
  A fire giant skeleton (Tomb:1)
  A human skeleton (Vaults:2)
  A stone giant skeleton (Crypt:1)
  An elephant (shapeshifter) (Depths:4)
  Joseph (D:8)
  13 spiny frogs
  13 sirens
  3 apocalypse crabs
  2 shock serpent zombies
  10 orange demons
  A molten gargoyle (Geh:4)
  24 smoke demons
  Psyche (D:11)
  38 black mambas
  A black draconian zombie (Geh:6)
  12 hellions
  A catoblepas zombie (Tomb:3)
  An eye of devastation (Slime:4)
  5 gargoyles
  2 yaktaur zombies
  A shock serpent skeleton (Crypt:2)
  A mutant beast skeleton (Crypt:2)
  13 vault sentinels
  10 efreet
  3 dire elephant skeletons
  A green draconian zombie (Abyss:4)
  54 yaktaurs
  An emperor scorpion zombie (Geh:6)
  4 kobold demonologists
  17 komodo dragons
  12 hellwings
  12 tengu conjurers
  A yaktaur skeleton (Vaults:2)
  16 ancient zymes
  5 tormentors
  7 removed MONS_BLUE_DEVILs
  2 anaconda simulacra
  15 freezing wraiths
  5 fire drakes
  7 trolls
  2 hydra zombies (Hell)
  8 jumping spiders
  42 guardian mummies
  A harpy zombie (Geh:1)
  17 removed MONS_DEEP_ELF_PRIESTs
  7 wind drakes
  13 red devils
  39 two-headed ogres
  2 two-headed ogres (shapeshifter)
  45 merfolk
  5 boulder beetles
  2 polar bears
  57 raiju
  A fire dragon zombie (Hell)
  2 bog bodies
  2 trolls (shapeshifter)
  A minotaur skeleton (Geh:4)
  25 blink frogs
  2 alligator zombies
  4 ice dragon zombies
  A guardian serpent zombie (Crypt:1)
  A jumping spider (shapeshifter) (Depths:2)
  23 ushabtiu
  A hydra skeleton (Geh:7)
  15 snapping turtles
  3 air elementals (Depths:3)
  3 ettin zombies
  16 redbacks
  An iron dragon simulacrum (Abyss:3)
  3 fire dragon skeletons
  3 spriggans (shapeshifter)
  100 flying skulls
  8 vampires
  Sigmund (D:4)
  2 ice dragon skeletons
  12 shadows
  46 spriggans
  3 black mamba zombies
  21 deep elf magi
  4 tarantellas
  18 wraiths
  A wyvern (D:11)
  A removed MONS_TRAPDOOR_SPIDER (D:11)
  15 water elementals
  6 fire bats
  24 golden eyes
  2 dire elephant simulacra (IceCv)
  72 yaks
  2 centaur simulacra
  15 ynoxinuls
  16 hippogriffs
  32 removed MONS_DEEP_ELF_FIGHTERs
  A hog (shapeshifter) (Elf:3)
  2 human simulacra
  Grum (D:8)
  14 vampire mosquitoes
  10 chaos spawn
  A steam dragon (Lair:5)
  19 fire elementals
  2 iron troll simulacra (IceCv)
  4 wolves (D:8)
  3 basilisks
  61 nagas
  16 neqoxecs
  2 hungry ghosts
  4 insubstantial wisps (Abyss:1)
  2 harpy simulacra (IceCv)
  2 hydra simulacra (IceCv)
  A yaktaur simulacrum (Vaults:4)
  11 spatial vortices
  22 water moccasins
  A merfolk zombie (Geh:1)
  9 soldier ants
  2 mottled dragons
  A spiny frog zombie (Geh:7)
  A torturous demonspawn skeleton (Abyss:3)
  5 wargs
  21 wasps
  Duvessa (D:6)
  A sky beast (shapeshifter) (Depths:1)
  An ice beast (shapeshifter) (Depths:2)
  3 ettin simulacra
  34 hell hounds
  3 swamp drakes (Depths:5)
  A fire dragon simulacrum (Depths:1)
  3 ice beasts
  60 orc warriors
  4 sky beasts
  10 eyes of draining
  An ice dragon simulacrum (Abyss:4)
  An elephant zombie (Crypt:1)
  4 black bears
  14 porcupines
  3 snapping turtle zombies
  87 starcursed masses
  53 ogres
  2 spiny frog skeletons
  12 necrophages
  3 orc skeletons
  3 boggarts (Depths:4)
  A centaur (shapeshifter) (D:8)
  3 phantoms
  A manticore skeleton (Geh:6)
  2 snapping turtle skeletons
  25 crocodiles
  3 removed MONS_BRAIN_WORMs
  32 centaurs
  An elf zombie (Crypt:2)
  6 big kobolds
  A fire drake skeleton (Crypt:1)
  A gnoll sergeant (D:11)
  A draconian skeleton (Crypt:2)
  24 giant frogs
  An earth elemental (Abyss:3)
  A spider zombie (Crypt:2)
  A warg zombie (Crypt:1)
  Dowan (D:6)
  A wyvern zombie (D:7)
  A komodo dragon skeleton (Crypt:1)
  2 scorpions
  A wyvern skeleton (D:13)
  22 killer bees
  2 orc simulacra
  31 wights
  55 small abominations
  2 manticore simulacra (Abyss:2)
  23 jellies
  26 orc priests
  A centaur zombie (D:10)
  A giant frog zombie (Crypt:2)
  A wasp zombie (D:11)
  8 electric eels
  11 iron imps
  12 crimson imps
  7 quasits
  35 orc wizards
  17 iguanas
  6 centaur skeletons
  8 hounds
  Natasha (thrice) (D:2)
  28 worker ants
  21 sheep
  2 ogre skeletons
  A hound zombie (D:10)
  A felid zombie (Crypt:2)
  A dwarf skeleton (Crypt:2)
  A hound skeleton (D:11)
  65 mummies
  Robin (D:2)
  10 gnolls
  11 adders
  75 river rats
  6 shadow imps
  11 white imps
  8 ufetubi
  5 oozes (Sewer)
  An adder skeleton (D:7)
  5 worms
  A halfling skeleton (Crypt:1)
  A giant gecko (Sewer)
  216 orcs
  18 bats
  7 bat skeletons
  7 giant cockroaches
  14 hobgoblins
  21 jackals
  5 quokkas
  4 ball pythons
  A ball python skeleton (D:6)
  4 giant newts
  32 goblins
  A jackal skeleton (D:4)
  26 kobolds
  A kobold zombie (Geh:6)
  2 quokka skeletons
  25 rats
  A spectral kobold (Crypt:3)
  A spectral orc (D:5)
  A bush (Lair:7)
  2 crawling corpses (Vaults:5)
  5 fire vortices
  A fungus (Lair:7)
  A lost soul (Crypt:2)
  2 lurking horrors
  A macabre mass (Abyss:4)
  7 plants
  14 starspawn tentacles
  A starspawn tentacle segment (Abyss:2)
4710 creatures vanquished.

Vanquished Creatures (collateral kills)
  2 azure jellies (Slime:6)
  A stone giant (Vaults:5)
  2 death oozes (Slime:6)
  A vault sentinel (Vaults:5)
  A yaktaur (Vaults:5)
  3 blink frogs (Lair:1)
  An orc warrior (Crypt:1)
  An orc (Crypt:1)
12 creatures vanquished.

Vanquished Creatures (others)
  A lich (Abyss:2)
  4 deep elf master archers
  An eldritch tentacle (Tomb:1)
  2 fire giants
  5 stone giants
  A deep elf annihilator (Elf:3)
  4 yaktaur captains
  A naga sharpshooter (Snake:4)
  A wretched star (Abyss:4)
  6 death scarabs
  An ironbrand convoker (Vaults:2)
  A harpy (Shoals:1)
  A lindwurm (Depths:5)
  A salamander (Geh:6)
  A shadow dragon skeleton (Tomb:2)
  12 yaktaurs
  A guardian mummy (Tomb:2)
  A raiju (Abyss:4)
  2 two-headed ogres
  An ice dragon zombie (Tomb:1)
  2 large abominations
  8 flying skulls
  A removed MONS_TRAPDOOR_SPIDER (shapeshifter) (Vaults:5)
  2 ynoxinuls
  A black mamba skeleton (Crypt:1)
  A removed MONS_DEEP_ELF_FIGHTER (Elf:3)
  2 wraiths
  A naga (Snake:4)
  An orc warrior (Crypt:1)
  An ettin simulacrum (Tomb:2)
  3 ogres
  2 boggarts (Depths:4)
  A centaur zombie (D:5)
  A hound (D:5)
  An orc priest (Vaults:2)
  A quasit (Abyss:4)
  An ogre zombie (Geh:3)
  6 mummies
  An ufetubus (Abyss:4)
  A bat (D:5)
  A hobgoblin (D:5)
  A giant cockroach (D:5)
  A quokka (D:5)
  19 bushes
  151 eldritch tentacle segments
  A fire vortex (Vaults:2)
  24 fungi
  13 lost souls
  6 lurking horrors
  63 plants
  29 starspawn tentacles
  203 starspawn tentacle segments
598 creatures vanquished.

Grand Total: 5320 creatures vanquished

Notes
Turn   | Place    | Note
--------------------------------------------------------------
     0 | D:1      | Eglamore the Minotaur Fighter began the quest for the Orb.
     0 | D:1      | Reached XP level 1. HP: 19/19 MP: 0/0
   316 | D:1      | Reached XP level 2. HP: 27/27 MP: 1/1
   962 | D:2      | Reached skill level 4 in Armour
   962 | D:2      | Reached XP level 3. HP: 33/33 MP: 2/2
   997 | D:2      | Noticed Robin
  1029 | D:2      | Killed Robin
  1030 | D:2      | Reached XP level 4. HP: 31/40 MP: 3/3
  1037 | D:2      | Found a shimmering altar of Xom.
  1111 | D:2      | Noticed Natasha
  1123 | D:2      | Killed Natasha
  1176 | D:2      | Noticed Natasha
  1184 | D:2      | Killed Natasha
  1284 | D:2      | Noticed Natasha
  1286 | D:2      | Killed Natasha
  1528 | D:3      | Noticed a moth of wrath
  1531 | D:3      | Found a bloodstained altar of Trog.
  1675 | D:3      | Reached XP level 5. HP: 35/47 MP: 4/4
  1927 | D:3      | Reached skill level 5 in Fighting
  1927 | D:3      | Reached skill level 5 in Shields
  1948 | D:4      | Reached skill level 5 in Armour
  1971 | D:4      | Found a glowing drain.
  1978 | D:4      | Reached XP level 6. HP: 10/56 MP: 5/5
  2155 | Sewer    | Entered a sewer
  2757 | D:4      | Noticed a phantom
  2770 | D:4      | Killed a phantom
  2777 | D:4      | Noticed Sigmund
  2784 | D:4      | Killed Sigmund
  2784 | D:4      | Reached skill level 5 in Maces & Flails
  2784 | D:4      | Reached XP level 7. HP: 30/62 MP: 6/6
  2827 | D:4      | Found an iron altar of Okawaru.
  2830 | D:4      | Became a worshipper of Warmaster Okawaru
  2925 | D:4      | Reached skill level 6 in Shields
  3348 | D:5      | Entered Level 5 of the Dungeon
  3388 | D:5      | Found a white marble altar of Elyvilon.
  3658 | D:5      | Noticed Pikel
  3675 | D:5      | Killed Pikel
  3675 | D:5      | Reached piety under Okawaru
  3675 | D:5      | Reached skill level 7 in Fighting
  3675 | D:5      | Reached XP level 8. HP: 21/73 MP: 7/7
  4004 | D:5      | Found a basalt altar of Yredelemnul.
  4547 | D:6      | Noticed Duvessa
  4548 | D:6      | Noticed Dowan
  4569 | D:6      | Killed Duvessa
  4579 | D:6      | Killed Dowan
  4601 | D:6      | Found a staircase to the Ecumenical Temple.
  4616 | D:6      | Found a sparkling altar of Nemelex Xobeh.
  4676 | D:6      | Found a glowing golden altar of the Shining One.
  4778 | D:6      | Found a shattered altar of Ashenzari.
  4841 | D:6      | Found a blossoming altar of Fedhas.
  5069 | D:6      | Found a radiant altar of Vehumet.
  5263 | D:7      | Reached skill level 8 in Fighting
  5263 | D:7      | Reached XP level 9. HP: 74/81 MP: 8/8
  5668 | D:7      | Gained mutation: You occasionally shout uncontrollably at your foes. [mutagenic meat]
  5669 | D:7      | Gained mutation: You are partially covered in yellow scales (AC +2). [mutagenic meat]
  5670 | D:7      | Gained mutation: You are partially covered in icy blue scales (AC +1). [mutagenic meat]
  5671 | D:7      | Gained mutation: You have sharp fingernails. [mutagenic meat]
  5672 | D:7      | Gained mutation: Your system is resistant to poisons. [mutagenic meat]
  5673 | D:7      | Gained mutation: You are surrounded by a mild repulsion field (EV +2). [potion of mutation]
  5673 | D:7      | Lost mutation: You occasionally shout uncontrollably at your foes. [potion of mutation]
  5673 | D:7      | Gained mutation: You have very sharp fingernails. [potion of mutation]
  5981 | D:8      | Noticed Maurice
  6145 | D:8      | Noticed a hill giant
  6145 | D:8      | Noticed a green ugly thing
  6161 | D:8      | Killed a hill giant
  6161 | D:8      | Reached skill level 9 in Shields
  6181 | D:8      | Killed a green ugly thing
  6342 | D:8      | Noticed Joseph
  6367 | D:8      | Killed Joseph
  6367 | D:8      | Reached XP level 10. HP: 41/91 MP: 9/9
  6634 | D:8      | Received a gift from Okawaru
  6691 | D:8      | Noticed a red ugly thing
  6725 | D:8      | Killed a red ugly thing
  6725 | D:8      | Reached skill level 10 in Shields
  6770 | D:8      | Reached **** piety under Okawaru
  6932 | D:8      | Noticed Grum
  6942 | D:8      | Reached skill level 10 in Fighting
  6942 | D:8      | Reached skill level 10 in Armour
  6962 | D:8      | Killed Grum
  7202 | D:8      | Reached skill level 10 in Maces & Flails
  7654 | D:8      | Found a snail-covered altar of Cheibriados.
  7655 | D:8      | Found a deep blue altar of Sif Muna.
  7802 | D:8      | Killed Maurice
  8236 | D:9      | Found a staircase to the Orcish Mines.
  8613 | D:9      | Found Joza's Jewellery Shoppe.
  8616 | D:9      | Bought an uncursed ring of see invisible for 225 gold pieces
  8656 | D:9      | Found a staircase to the Lair.
  8677 | D:9      | Received a gift from Okawaru
  8677 | D:9      | Reached XP level 11. HP: 101/101 MP: 10/10
  8692 | Lair:1   | Entered Level 1 of the Lair of Beasts
  8744 | D:9      | Reached skill level 11 in Shields
  9161 | Lair:1   | Received a gift from Okawaru
  9516 | Lair:1   | Noticed a six-headed hydra
  9548 | Lair:1   | Killed a six-headed hydra
  9982 | Lair:2   | Found a labyrinth entrance.
  9991 | Lab      | Entered a labyrinth
 10401 | Lab      | Noticed a minotaur
 10426 | Lab      | Killed a minotaur
 10426 | Lab      | Reached skill level 12 in Shields
 10436 | Lab      | Got a sparkling crystal amulet
 10437 | Lab      | Identified the Tome of Viperous Shape Shifting (You found it in a labyrinth)
 10437 | Lab      | Identified the Catalogue of the Floating Escort (You found it in a labyrinth)
 10565 | Lair:2   | Identified the amulet "Qeqem" {Ward rF+ rN+ Str+4 Int+3} (You found it in a labyrinth)
 10886 | Lair:2   | Reached XP level 12. HP: 102/112 MP: 11/11
 11608 | Lair:2   | Noticed an eight-headed hydra
 11617 | Lair:2   | Killed an eight-headed hydra
 11797 | Lair:3   | Received a gift from Okawaru
 12572 | Lair:3   | Noticed a six-headed hydra
 12581 | Lair:3   | Killed a six-headed hydra
 12691 | Lair:3   | Reached skill level 13 in Shields
 12893 | Lair:3   | Noticed a seven-headed hydra
 12906 | Lair:3   | Killed a seven-headed hydra
 13145 | Lair:4   | Received a gift from Okawaru
 13326 | Lair:4   | Reached XP level 13. HP: 112/122 MP: 12/12
 13375 | Lair:4   | Got an encrusted trident
 13376 | Lair:4   | Lost intelligence.
 13376 | Lair:4   | Identified the +4 trident "Plog" {pierce, Str+4 Int-5 Stlth+} (You found it on level 4 of the Lair of Beasts)
 13616 | Lair:4   | Noticed a four-headed hydra
 13625 | Lair:4   | Killed a four-headed hydra
 14567 | Lair:5   | Found a staircase to the Shoals.
 14593 | Lair:5   | Reached skill level 14 in Shields
 15181 | Lair:6   | Found a staircase to the Snake Pit.
 15204 | Lair:6   | Received a gift from Okawaru
 15409 | Lair:6   | Got a bronze scale mail {god gift}
 15420 | Lair:6   | Identified the +3 scale mail of Noon {*Corrode rPois Dex+4} (Okawaru gifted it to you on level 6 of the Lair of Beasts)
 17811 | Lair:8   | Entered Level 8 of the Lair of Beasts
 17847 | Lair:8   | Got an ancient battleaxe
 17857 | Lair:8   | Identified the +7 battleaxe of Edirusch {chop, MR++} (You found it on level 8 of the Lair of Beasts)
 17915 | Lair:8   | Reached XP level 14. HP: 101/133 MP: 11/13
 17937 | Lair:8   | Received a gift from Okawaru
 18137 | Lair:8   | Found a staircase to the Slime Pits.
 18317 | Lair:8   | Reached skill level 15 in Shields
 18771 | Lair:8   | Noticed a dire elephant
 18799 | Lair:8   | Killed a dire elephant
 18874 | Lair:8   | Noticed a dire elephant
 18901 | Lair:8   | Killed a dire elephant
 18901 | Lair:8   | Reached skill level 15 in Armour
 19337 | Lair:8   | Reached skill level 15 in Maces & Flails
 19344 | Lair:8   | Found a burning altar of Makhleb.
 19430 | Lair:8   | Reached skill level 15 in Fighting
 19839 | Lair:8   | Found a gateway to Hell.
 19850 | Lair:8   | Identified a +4 rod of ignition (10/10) (You found it on level 8 of the Lair of Beasts)
 20033 | Lair:8   | Received a gift from Okawaru
 20522 | Lair:2   | Upgraded the game from 0.17-a0-1533-g2f57bce to 0.17-a0-1564-g7b572aa
 20539 | Lair:1   | Noticed a six-headed hydra
 20548 | Lair:1   | Killed a six-headed hydra
 20640 | Orc:1    | Entered Level 1 of the Orcish Mines
 20894 | Orc:1    | Found Dudacy's Weapon Boutique.
 21344 | Orc:2    | Found a roughly hewn altar of Beogh.
 21613 | Orc:2    | Paralysed by an orc sorcerer for 4 turns
 21923 | Orc:3    | Noticed an orc warlord
 22114 | Orc:2    | Killed an orc warlord
 22474 | Orc:3    | Found a staircase to the Elven Halls.
 22655 | Orc:3    | Noticed Erolcha
 22667 | Orc:3    | Killed Erolcha
 22833 | Orc:4    | Entered Level 4 of the Orcish Mines
 23169 | Orc:4    | Reached XP level 15. HP: 130/141 MP: 14/14
 23371 | Orc:4    | Found Daoruse's General Store.
 23371 | Orc:4    | Found Ykkakhlyt's Antique Armour Shoppe.
 23371 | Orc:4    | Found Neicoceukh's Distillery.
 23376 | Orc:4    | Found Imecoi's Weapon Boutique.
 23381 | Orc:4    | Bought a crude hat for 171 gold pieces
 23391 | Orc:4    | Identified the +2 hat "Menisk" {Int+5 Dex+4} (You bought it in a shop on level 4 of the Orcish Mines)
 23394 | Orc:4    | Bought a potion of brilliance for 40 gold pieces
 23394 | Orc:4    | Bought a potion of haste for 100 gold pieces
 23394 | Orc:4    | Bought a potion of heal wounds for 50 gold pieces
 23949 | Shoals:1 | Entered Level 1 of the Shoals
 23957 | Shoals:1 | Noticed myllinu's ghost (powerful MiBe)
 24336 | Shoals:1 | Killed myllinu's ghost
 24336 | Shoals:1 | Reached skill level 16 in Shields
 24737 | Shoals:1 | Received a gift from Okawaru
 24774 | Shoals:1 | Got a bloodstained demon whip {god gift}
 24775 | Shoals:1 | Identified the +5 demon whip "Roarut" {flame, rElec Str+4} (Okawaru gifted it to you on level 1 of the Shoals)
 25994 | Shoals:2 | Noticed Polyphemus
 26070 | Shoals:2 | Received a gift from Okawaru
 26073 | Shoals:2 | Got a jewelled great mace {god gift}
 26082 | Shoals:2 | Identified the +8 great mace of Rucim {vamp, -Tele rC++} (Okawaru gifted it to you on level 2 of the Shoals)
 27427 | Shoals:3 | Received a gift from Okawaru
 27613 | Shoals:3 | Reached skill level 17 in Shields
 27875 | Shoals:3 | Reached XP level 16. HP: 139/152 MP: 15/15
 28294 | Shoals:3 | Received a gift from Okawaru
 28696 | Shoals:4 | Entered Level 4 of the Shoals
 28734 | Shoals:4 | Noticed Ilsuiw
 29976 | Shoals:4 | Killed Ilsuiw
 30619 | Shoals:4 | Got a barnacled rune of Zot
 30648 | Shoals:4 | Received a gift from Okawaru
 31068 | Shoals:4 | Reached skill level 18 in Shields
 31545 | Snake:1  | Entered Level 1 of the Snake Pit
 31686 | Snake:1  | Reached XP level 17. HP: 136/163 MP: 16/16
 32090 | Snake:2  | Noticed worldfamousw's ghost (powerful MiFi)
 32107 | Snake:2  | Killed worldfamousw's ghost
 32198 | Snake:2  | Found a sparkling altar of Nemelex Xobeh.
 32612 | Snake:3  | Found a frozen archway.
 32621 | IceCv    | Entered an ice cave
 32757 | IceCv    | Received a gift from Okawaru
 32760 | IceCv    | Got a pair of ancient boots {god gift}
 32791 | IceCv    | Identified the +0 pair of boots "Vammiumo" {rF- rC++ Int+5} (Okawaru gifted it to you in an ice cave)
 32954 | IceCv    | Noticed an Ice Fiend
 32964 | IceCv    | Killed an Ice Fiend
 32977 | IceCv    | Got a translucent chain mail
 33353 | IceCv    | Identified the +6 chain mail of Unambiguity {Regen+ Int+4 Dex-4} (You found it in an ice cave)
 33464 | Snake:3  | Upgraded the game from 0.17-a0-1564-g7b572aa to 0.17-a0-1567-gdd419b1
 33635 | Snake:3  | Reached skill level 1 in Evocations
 35226 | D:10     | Entered Level 10 of the Dungeon
 36413 | D:11     | Noticed Psyche
 36423 | D:11     | Killed Psyche
 36761 | D:12     | Noticed Kirke
 36767 | D:12     | Killed Kirke
 36773 | D:12     | Received a gift from Okawaru
 36773 | D:12     | Reached skill level 19 in Armour
 36902 | D:12     | Found Cuebrer's Book Shop.
 37035 | D:12     | Found a shadowy altar of Dithmenos.
 37684 | D:13     | Reached XP level 18. HP: 163/176 MP: 20/20
 37688 | D:13     | Noticed Azrael
 37702 | D:13     | Killed Azrael
 37932 | D:13     | Noticed Snorg
 37944 | D:13     | Killed Snorg
 38817 | D:14     | Noticed Agnes
 38829 | D:14     | Killed Agnes
 38829 | D:14     | Reached skill level 5 in Evocations
 38863 | D:14     | Found a gate to the Vaults.
 39024 | D:14     | Noticed Sonja
 39029 | D:14     | Killed Sonja
 39585 | D:15     | Entered Level 15 of the Dungeon
 39735 | D:15     | Found a staircase to the Depths.
 40454 | D:15     | Noticed Louise
 40467 | D:15     | Killed Louise
 40707 | D:15     | Gained mutation: You have sharp toenails. [potion of beneficial mutation]
 40711 | Depths:1 | Entered Level 1 of the Depths
 41211 | D:15     | Reached skill level 20 in Armour
 41229 | D:15     | Received a gift from Okawaru
 42116 | Depths:1 | Received a gift from Okawaru
 42257 | Depths:1 | Reached XP level 19. HP: 93/185 MP: 23/23
 42617 | Depths:1 | Found Raludgh's One-of-a-Kind Books.
 43436 | Vaults:1 | Entered Level 1 of the Vaults
 44296 | Vaults:1 | Noticed Jorgrun
 44306 | Vaults:1 | Killed Jorgrun
 44514 | Vaults:1 | Reached skill level 21 in Armour
 44601 | Vaults:1 | Received a gift from Okawaru
 44693 | Vaults:2 | Found Jeoj's Armour Emporium.
 45669 | Snake:4  | Entered Level 4 of the Snake Pit
 46014 | Snake:4  | Got a steaming large shield
 46015 | Snake:4  | Identified the cursed -8 large shield of the Harvest Moon {+Blink} (You found it on level 4 of the Snake Pit)
 46514 | Snake:4  | Reached skill level 10 in Evocations
 46568 | Snake:4  | Reached XP level 20. HP: 194/198 MP: 26/26
 47029 | Snake:4  | Received a gift from Okawaru
 47086 | Snake:4  | Received a gift from Okawaru
 47769 | Snake:4  | Got a serpentine rune of Zot
 48295 | Vaults:2 | Found Duliq's Book Shoppe.
 48471 | Vaults:2 | Noticed Sojobo
 48497 | Vaults:2 | Killed Sojobo
 48497 | Vaults:2 | Reached skill level 22 in Armour
 48965 | Vaults:2 | Received a gift from Okawaru
 48982 | Vaults:2 | Got a twisted morningstar {god gift}
 48989 | Vaults:2 | Identified the +4 morningstar "Nentuul" {flame, Int+5} (Okawaru gifted it to you on level 2 of the Vaults)
 49383 | Vaults:2 | Found Puwnatole's General Store.
 49385 | Vaults:2 | Found Sisaf's Armour Boutique.
 49387 | Vaults:2 | Bought a scroll of identify for 20 gold pieces
 49387 | Vaults:2 | Bought a scroll of identify for 20 gold pieces
 49467 | Vaults:2 | Reached XP level 21. HP: 188/207 MP: 28/28
 50024 | Vaults:3 | Noticed Frederick
 50055 | Vaults:3 | Killed Frederick
 50204 | Vaults:3 | Found a staircase to the Crypt.
 50381 | Vaults:3 | Received a gift from Okawaru
 50613 | Vaults:3 | Noticed Mennas
 50640 | Vaults:3 | Killed Mennas
 50653 | Vaults:3 | Got a shimmering large shield
 50654 | Vaults:3 | Identified the +5 large shield of Jigsaw {-Cast +Inv MR- Slay+2} (You took it off Mennas on level 3 of the Vaults)
 50726 | Vaults:3 | Noticed Jory
 50764 | Vaults:3 | Killed Jory
 50972 | Vaults:3 | Received a gift from Okawaru
 51672 | Vaults:4 | Reached skill level 23 in Armour
 53165 | Vaults:4 | Reached XP level 22. HP: 163/217 MP: 30/30
 53638 | Crypt:1  | Entered Level 1 of the Crypt
 53680 | Crypt:1  | Received a gift from Okawaru
 54463 | Crypt:1  | Noticed Saint Roka
 54475 | Crypt:1  | Killed Saint Roka
 54982 | Crypt:2  | Noticed Boris
 55032 | Crypt:2  | Found an ancient bone altar of Kikubaaqudgha.
 55200 | Crypt:2  | Killed Boris
 55358 | Crypt:2  | Noticed Khufu
 55360 | Crypt:2  | Noticed a greater mummy
 55378 | Crypt:2  | Killed Khufu
 55392 | Crypt:2  | Killed a greater mummy
 55392 | Crypt:2  | Received a gift from Okawaru
 55398 | Crypt:2  | Got a scorched flail {god gift}
 55403 | Crypt:2  | Identified the +8 flail of Oozing Pus {pain, MR+} (Okawaru gifted it to you on level 2 of the Crypt)
 56959 | Crypt:3  | Entered Level 3 of the Crypt
 57142 | Crypt:3  | Received a gift from Okawaru
 57145 | Crypt:3  | Got an ancient crystal plate armour {god gift}
 57162 | Crypt:3  | Identified the +0 crystal plate armour of Xodwak {rCorr Dex+5} (Okawaru gifted it to you on level 3 of the Crypt)
 57355 | Crypt:3  | Found an ancient bone altar of Kikubaaqudgha.
 57462 | Crypt:3  | Reached XP level 23. HP: 228/228 MP: 32/32
 57514 | Crypt:3  | Reached skill level 24 in Armour
 57756 | Crypt:3  | Got a shimmering flail
 57776 | Crypt:3  | Identified the cursed +0 flail of the Many Beds {crush, rC+ Int+6} (You found it on level 3 of the Crypt)
 58898 | Crypt:3  | Found a staircase to the Tomb.
 59026 | Crypt:3  | Got a smoking mace
 59031 | Crypt:3  | Identified the +3 mace "Noj Xomyeq" {crush, MR+} (You found it on level 3 of the Crypt)
 59214 | Crypt:3  | Identified a +1 rod of destruction (11/11) (You found it on level 3 of the Crypt)
 59229 | Crypt:3  | Received a gift from Okawaru
 59659 | Lair:2   | Upgraded the game from 0.17-a0-1567-gdd419b1 to 0.17-a0-1572-g7a1422d
 60016 | Depths:2 | Found a bloodstained altar of Trog.
 60099 | Depths:2 | Noticed Asterion
 60113 | Depths:2 | Killed Asterion
 60433 | Depths:2 | Found a gateway to a ziggurat.
 60641 | Depths:2 | Reached skill level 15 in Evocations
 60663 | Depths:2 | Got a dazzling long sword {freeze}
 60804 | Depths:2 | Got a twisted scimitar
 61099 | Depths:2 | Noticed the Enchantress
 61112 | Depths:2 | Killed the Enchantress
 61118 | Depths:2 | Got a faerie dragon armour
 61126 | Depths:2 | Got a jewelled hat
 61170 | Depths:2 | Identified the cursed +0 hat "Qaata" {Str+4} (You found it on level 2 of the Depths)
 61201 | Depths:2 | Identified the +1 faerie dragon armour {Str+4 Dex+4} (You took it off the Enchantress on level 2 of the Depths)
 61446 | Depths:2 | Received a gift from Okawaru
 61467 | Depths:2 | Got a smoking great mace {god gift}
 62004 | Depths:3 | Reached XP level 24. HP: 239/239 MP: 33/33
 62446 | Depths:3 | Got a smoking buckler
 62459 | Depths:3 | Identified the -6 buckler of Elitism {+Blink} (You found it on level 3 of the Depths)
 62674 | Depths:3 | Received a gift from Okawaru
 62705 | Depths:3 | Reached skill level 25 in Armour
 63285 | Depths:3 | Found a one-way gate leading to the halls of Pandemonium.
 63646 | Depths:4 | Received a gift from Okawaru
 63649 | Depths:4 | Got a pair of bloodstained gloves {god gift}
 63673 | Depths:4 | Identified the +1 pair of gloves of Lifelessness {rC+ MR+ Str+4 Stlth+} (Okawaru gifted it to you on level 4 of the Depths)
 63688 | Depths:4 | Found a one-way gate to the infinite horrors of the Abyss.
 63975 | Depths:4 | Noticed Margery
 63993 | Depths:4 | Killed Margery
 64642 | Depths:5 | Entered Level 5 of the Depths
 64949 | Depths:5 | Found Tiniban's Gadget Shop.
 64956 | Depths:5 | Bought a +4 rod of clouds (14/14) for 1435 gold pieces
 64956 | Depths:5 | Bought a wand of digging (13) for 442 gold pieces
 65606 | Depths:5 | Reached XP level 25. HP: 164/249 MP: 34/34
 65668 | Depths:4 | Identified the cursed +0 long sword of the Moon {freeze, Str+3} (You took it off a spriggan defender on level 2 of the Depths)
 65670 | Depths:4 | Identified the +1 scimitar "Eschayrghy" {pain, rPois rC+++ MR+ Int-3} (You took it off a spriggan on level 2 of the Depths)
 65677 | Depths:4 | Identified the +0 great mace of Lewuiq {freeze, *Noise rC++ MR- Dex+2} (Okawaru gifted it to you on level 2 of the Depths)
 65853 | Depths:5 | Cast into the Abyss (green draconian)
 65870 | Abyss:1  | Found a corrupted altar of Lugonu.
 66017 | Abyss:1  | Found a corrupted altar of Lugonu.
 66292 | Abyss:1  | Paralysed by accursed screaming for 1 turns
 66300 | Abyss:1  | Paralysed by accursed screaming for 1 turns
 66306 | Abyss:1  | Received a gift from Okawaru
 66686 | Abyss:1  | Paralysed by you for 5 turns
 66925 | Abyss:1  | Gained mutation: Your spells are a little easier to cast, but a little less powerful. [a neqoxec]
 66934 | Abyss:1  | Gained mutation: You expend magic power (3 MP) to strengthen your wands. [a neqoxec]
 66944 | Abyss:1  | Gained mutation: You are frail (-10% HP). [a neqoxec]
 67246 | Abyss:1  | Identified a -2 rod of shadows (11/11) (You found it on level 1 of the Abyss)
 67425 | Depths:5 | Escaped the Abyss
 67740 | Depths:5 | Found a gate to the Realm of Zot.
 67913 | Depths:5 | Got a shimmering lapis lazuli ring
 67921 | Depths:5 | Identified the ring of Morality {SustAt rN+ Str+2 Stlth+} (You found it on level 5 of the Depths)
 69028 | Vaults:5 | Entered Level 5 of the Vaults
 69216 | Vaults:5 | Reached skill level 26 in Armour
 69221 | Vaults:5 | Received a gift from Okawaru
 69722 | Vaults:5 | Reached XP level 26. HP: 162/234 MP: 34/34
 70487 | Vaults:5 | Received a gift from Okawaru
 70766 | Vaults:5 | Got a slimy granite ring
 70767 | Vaults:5 | Identified the ring "Tiguur" {rF++ rC+ Str+2 SInv Stlth-} (You found it on level 5 of the Vaults)
 71271 | Vaults:5 | Got a silver rune of Zot
 71517 | Vaults:5 | Got a crude marble ring
 72004 | Lair:2   | Identified the ring "Nuag Wikhle" {SustAt rPois rN+ Int-4 Dex+4} (You took it off a deep elf demonologist on level 5 of the Vaults)
 72199 | Slime:1  | Entered Level 1 of the Pits of Slime
 72420 | Lair:2   | Lost mutation: Your spells are a little easier to cast, but a little less powerful. [potion of mutation]
 72421 | Lair:2   | Lost mutation: You expend magic power (3 MP) to strengthen your wands. [potion of mutation]
 72422 | Lair:2   | Lost mutation: You have sharp toenails. [potion of mutation]
 72422 | Lair:2   | Gained mutation: Your spells are a little harder to cast, but a little more powerful. [potion of mutation]
 72422 | Lair:2   | Gained mutation: You have very sharp teeth. [potion of mutation]
 72423 | Lair:2   | Lost mutation: You are partially covered in icy blue scales (AC +1). [potion of cure mutation]
 72423 | Lair:2   | Lost mutation: Your spells are a little harder to cast, but a little more powerful. [potion of cure mutation]
 72423 | Lair:2   | Lost mutation: You have very sharp fingernails. [potion of cure mutation]
 72423 | Lair:2   | Lost mutation: You have sharp fingernails. [potion of cure mutation]
 72423 | Lair:2   | Lost mutation: You are frail (-10% HP). [potion of cure mutation]
 72877 | Slime:6  | Entered Level 6 of the Pits of Slime
 72988 | Slime:5  | Noticed soupofsoups's ghost (mighty VSHu)
 72999 | Slime:5  | Killed soupofsoups's ghost
 73415 | Slime:6  | Received a gift from Okawaru
 73481 | Slime:6  | Identified a +2 pair of boots of running (Okawaru gifted it to you on level 6 of the Pits of Slime)
 73658 | Slime:6  | Noticed the royal jelly
 73677 | Slime:6  | Killed the royal jelly
 73677 | Slime:6  | Reached XP level 27. HP: 172/271 MP: 33/34
 74460 | Slime:6  | Got a crystal hand axe
 74486 | Slime:6  | Got a slimy rune of Zot
 74510 | Slime:6  | Got a faintly glowing pewter ring
 74544 | Slime:6  | Got a twisted cloak
 74568 | Slime:6  | Identified the +1 cloak of the Iron Devil {-Cast Dex+5 Slay+3} (You found it on level 6 of the Pits of Slime)
 74570 | Slime:6  | Identified the ring of Obah Fes {+Fly Str+6} (You found it on level 6 of the Pits of Slime)
 74875 | Lair:2   | Upgraded the game from 0.17-a0-1572-g7a1422d to 0.17-a0-1575-g9a29ec8
 74973 | Elf:1    | Entered Level 1 of the Elven Halls
 75481 | Elf:1    | Reached skill level 27 in Armour
 76081 | Elf:2    | Found a deep blue altar of Sif Muna.
 76220 | Elf:2    | Found a runed gate.
 76220 | Elf:2    | Found a runed gate.
 76220 | Elf:2    | Found a runed gate.
 76768 | Elf:3    | Entered Level 3 of the Elven Halls
 77185 | Elf:3    | Found an ancient bone altar of Kikubaaqudgha.
 77561 | Elf:3    | Reached skill level 27 in Fighting
 77740 | Elf:3    | Got a faintly humming plate armour
 77770 | Elf:3    | Identified the +2 plate armour of Rotation {rElec MR+ Stlth+} (You took it off a deep elf priest on level 3 of the Elven Halls)
 77866 | Elf:3    | Got a dazzling hat
 77887 | Elf:3    | Identified the +1 hat of Ashenzari's Approval {rF+ Int+5} (You found it on level 3 of the Elven Halls)
 77978 | Elf:3    | Identified Hodghu's Tome of Sinister Transmutation (You found it on level 3 of the Elven Halls)
 78292 | Lair:2   | Gained mutation: You have an increased reservoir of magic (+10% MP). [potion of mutation]
 78292 | Lair:2   | Gained mutation: You are dopey. (Int -2) [potion of mutation]
 78716 | Tomb:1   | Entered Level 1 of the Tomb of the Ancients
 78815 | Tomb:1   | Received a gift from Okawaru
 80058 | Tomb:1   | Got a warped plate armour
 80069 | Tomb:1   | Identified the +7 plate armour of Subjectivity {+Fly Regen+} (You found it on level 1 of the Tomb of the Ancients)
 80115 | Tomb:2   | Noticed Mara
 80135 | Tomb:1   | Received a gift from Okawaru
 81155 | D:6      | Fell from the grace of Okawaru
 81155 | D:6      | Became a worshipper of the Shining One
 84405 | Tomb:2   | Reached piety under the Shining One
 84767 | Tomb:2   | Noticed Eglamore's illusion
 85204 | Tomb:2   | Reached * piety under the Shining One
 85209 | Tomb:2   | Noticed Eglamore's illusion
 85212 | Tomb:2   | Killed Mara
 86967 | Tomb:1   | Reached *** piety under the Shining One
 87963 | Tomb:1   | Reached skill level 27 in Shields
 87971 | Tomb:1   | Reached **** piety under the Shining One
 90139 | Tomb:3   | Entered Level 3 of the Tomb of the Ancients
 90970 | D:6      | Identified a +4 sacred scourge of holy wrath (a +2 demon whip of flaming blessed by the Shining One)
 91914 | Tomb:3   | Noticed an ancient lich
 92902 | Tomb:2   | Killed an ancient lich
 93009 | Tomb:2   | Was forgiven by Okawaru
 95290 | Tomb:3   | Got a vibrating glass ring
 95344 | Tomb:3   | Got a pair of bloodstained gloves
 95357 | Tomb:3   | Identified Waprienk's Disquisition on Darkness (You found it on level 3 of the Tomb of the Ancients)
 95360 | Tomb:3   | Identified the Guide on Calling (You found it on level 3 of the Tomb of the Ancients)
 95404 | Tomb:3   | Identified the +2 pair of gloves of Lesser Demons {rC+} (You found it on level 3 of the Tomb of the Ancients)
 95405 | Tomb:3   | Identified the ring of Achaniom {AC+4 Stlth+} (You found it on level 3 of the Tomb of the Ancients)
 95462 | Tomb:3   | Got a golden rune of Zot
 96777 | Hell     | Entered the Vestibule of Hell
 96777 | Hell     | Noticed Geryon
 96789 | Hell     | Killed Geryon
 96902 | Hell     | Found a gateway to the decaying netherworld of Tartarus.
 97036 | Hell     | Found a gateway to the freezing wastes of Cocytus.
 97174 | Hell     | Found a gateway to the Iron City of Dis.
 97265 | Hell     | Found a gateway to the ashen valley of Gehenna.
 97383 | Geh:1    | Entered Level 1 of Gehenna
 98705 | Geh:7    | Entered Level 7 of Gehenna
 98715 | Geh:7    | Reached skill level 27 in Maces & Flails
 98910 | Geh:7    | Reached skill level 1 in Invocations
 99121 | Geh:7    | Reached skill level 5 in Invocations
 99484 | Geh:7    | Noticed Asmodeus
 99507 | Geh:7    | Killed Asmodeus
 99600 | Geh:7    | Got an obsidian rune of Zot
 99648 | Geh:7    | Reached skill level 10 in Invocations
 99942 | Depths:4 | Voluntarily entered the Abyss.
100954 | Abyss:2  | Paralysed by accursed screaming for 1 turns
101031 | Abyss:2  | Gained mutation: You are occasionally teleported next to monsters. [a shining eye]
101590 | Abyss:2  | Lost mutation: You are partially covered in yellow scales (AC +2). [mutagenic meat]
102233 | Abyss:2  | Reached skill level 15 in Invocations
102297 | Abyss:2  | Found a corrupted altar of Lugonu.
102312 | Abyss:2  | Gained mutation: Your muscles are strong. (Str +2) [mutagenic meat]
102314 | Abyss:2  | Gained mutation: You are very dopey. (Int -4) [mutagenic meat]
102315 | Abyss:2  | Lost mutation: Your muscles are strong. (Str +2) [mutagenic meat]
102316 | Abyss:2  | Gained mutation: Your spells are a little harder to cast, but a little more powerful. [mutagenic meat]
102360 | Abyss:2  | Paralysed by accursed screaming for 1 turns
102390 | Abyss:2  | Gained mutation: You are frail (-10% HP). [a neqoxec]
102517 | Abyss:2  | Found a corrupted altar of Lugonu.
102857 | Abyss:3  | Found an ancient bone altar of Kikubaaqudgha.
102974 | Abyss:3  | Lost mutation: Your system is resistant to poisons. [mutagenic meat]
102975 | Abyss:3  | Gained mutation: You have sharp toenails. [mutagenic meat]
102984 | Abyss:3  | Found an ancient bone altar of Kikubaaqudgha.
103657 | Abyss:4  | Found a corrupted altar of Lugonu.
103770 | Abyss:4  | Found a corrupted altar of Lugonu.
103957 | Abyss:4  | Got an abyssal rune of Zot
104459 | Abyss:4  | Gained mutation: You are very frail (-20% HP). [a neqoxec]
104807 | Abyss:4  | Gained mutation: Armour fits poorly on your strangely shaped body. [a neqoxec]
104876 | Depths:4 | Escaped the Abyss
104937 | Zot:1    | Entered Level 1 of the Realm of Zot
105126 | Zot:1    | Noticed an orb of fire
105148 | Zot:1    | Killed an orb of fire
107550 | Lair:2   | Upgraded the game from 0.17-a0-1575-g9a29ec8 to 0.18-a0-1235-gec8ae2b
108260 | Zot:3    | Found a sparkling altar of Nemelex Xobeh.
108859 | Zot:4    | Lost mutation: Your spells are a little harder to cast, but a little more powerful. [potion of cure mutation]
108859 | Zot:4    | Lost mutation: Armour fits poorly on your strangely shaped body. [potion of cure mutation]
108859 | Zot:4    | Lost mutation: You are very dopey. (Int -4) [potion of cure mutation]
108859 | Zot:4    | Lost mutation: You are very frail (-20% HP). [potion of cure mutation]
108860 | Zot:4    | Lost mutation: You have sharp toenails. [potion of cure mutation]
108860 | Zot:4    | Lost mutation: You are dopey. (Int -2) [potion of cure mutation]
108860 | Zot:4    | Lost mutation: You are occasionally teleported next to monsters. [potion of cure mutation]
108860 | Zot:4    | Lost mutation: You are surrounded by a mild repulsion field (EV +2). [potion of cure mutation]
108860 | Zot:4    | Lost mutation: You have an increased reservoir of magic (+10% MP). [potion of cure mutation]
108861 | Zot:4    | Lost mutation: You are frail (-10% HP). [potion of cure mutation]
108861 | Zot:4    | Lost mutation: You have very sharp teeth. [potion of cure mutation]
109157 | Zot:5    | Entered Level 5 of the Realm of Zot
109445 | Zot:5    | Noticed an ancient lich
109448 | Zot:5    | Killed an ancient lich
109467 | Zot:5    | Noticed an orb of fire
109468 | Zot:5    | Gained mutation: Your body sometimes deteriorates upon taking damage. [an orb of fire]
109472 | Zot:5    | Gained mutation: You are frail (-10% HP). [an orb of fire]
109511 | Zot:5    | Gained mutation: You are occasionally teleported next to monsters. [an orb of fire]
109585 | Zot:5    | Gained mutation: You occasionally shout uncontrollably at your foes. [an orb of fire]
109597 | Zot:5    | Killed an orb of fire
109638 | Zot:4    | Slain by an Orb Guardian

Vault maps used:
D:1:      sevenhm_arrival_forest_fort_small_5
D:2:      xom_teletrap_fun, uniq_robin, uniq_natasha
D:3:      first_bread, tgw_trog
D:4:      lemuel_doored_altar, portal_sewer_entry_c,
          kennysheep_cross_bottleneck, bh_walls_and_bars, uniq_sigmund
D:5:      lemuel_crystal_altar, yredelemnul_forgotten_temple_becter, uniq_pikel
D:6:      lemuel_round_altar, tso_oasis_becter, ashenzari_conservatory_becter,
          overflow_temple_1_default, nemelex_deck, uniq_duvessa
D:7:      the_bakery
D:8:      hangedman_cross_cluster, gammafunk_temple_overflow_statue,
          uniq_joseph, uniq_grum, uniq_maurice
D:9:      david_lair_shrubbed, hiddenorc1_lemuel, serial_shops,
          kennysheep_mini_moat
D:10:     minmay_another_anthill
D:11:     minivault_23, uniq_psyche
D:12:     basic_altar, serial_shops, shop, uniq_kirke
D:13:     uniq_azrael, uniq_snorg
D:14:     david_vaults_2, hangedman_abyss_or_decor_passed, uniq_agnes,
          uniq_sonja
D:15:     hangedman_depths_entry_civil_slaughter, serial_park_square3,
          hangedman_abyss_or_decor_clamps, uniq_louise
Lair:1:   infiniplex_staircase_pool
Lair:2:   lab_entry_generic
Lair:3:   mu_elephants_graveyard, minivault_24, grunt_megastairs_2
Lair:5:   minmay_lair_oklob_tunnel, minmay_shoals_entry_beasts,
          lemuel_fruit_tree, grunt_megastairs_1
Lair:6:   guppyfry_snake_entry_island
Lair:7:   serial_forest, infiniplex_forest_clump_small,
          infiniplex_forest_straight_3, infiniplex_forest_zigzag_1,
          infiniplex_forest_pool, infiniplex_forest_pool,
          infiniplex_forest_lined_corner, minivault_26, wad_woods_03,
          bh_autumn_forest_stairs
Lair:8:   evil_forest, dpeg_slime_entry_corner, minmay_stone_trees_medium
Shoals:2: uniq_polyphemus
Shoals:3: nicolae_shoals_flooded_hall
Shoals:4: shoals_end_simple, shoals_ilsuiw_alternative,
          nicolae_shoals_hunting_party
Snake:2:  basic_altar
Snake:3:  dpeg_oklob_gauntlet, portal_ice_cave_entry_pillars_02,
          serial_bayou_lake_a
Snake:4:  grunt_snake_rune_serpentine_throne, serial_bayou_pond_a,
          nrook_guardian_serpent_ordinary
Slime:4:  cheibrodos_slime_lost_civilization_4
Orc:1:    serial_shops, nicolae_shop_crystal
Orc:2:    nicolae_orc_accident_2, nicolae_orc_flooded_monolith
Orc:3:    nicolae_orc_pool_cavern, uniq_erolcha
Orc:4:    st_orc_rangers
Elf:1:    eino_elf_arrival_sip, hangedman_elf_represent
Elf:2:    basic_altar
Elf:3:    grunt_elf_hall_asides, basic_altar, small_statue_intersection,
          elves_outpost_lemuel
Vaults:1: vaults_room_boxed, nicolae_vaults_triangles, hangedman_vaults_locks,
          vaults_mumra_chevron_long, v_misc_27, vaults_room_grid,
          ontoclasm_vaults_idyll, vaults_room_pool, uniq_jorgrun
Vaults:2: grunt_vaults_funnel, hangedman_vaults_capsules,
          nicolae_vaults_hallways_thing, hangedman_vaults_river_flow,
          hangedman_vaults_stream, v_misc_18, vaults_dpeg_spiral,
          vaults_room_pools, hangedman_vaults_slither, vaults_dpeg_encased_lava,
          ontoclasm_vaults_decontamination, nicolae_vaults_fighting_squares,
          serial_shops, shop_fountains, shop, nicolae_shop_trees, shop,
          uniq_sojobo
Vaults:3: v_misc_3, nicolae_vaults_windows_and_doors_thing,
          blue_anna_dwarven_crypt, serial_ice_h, vaults_dpeg_hooks,
          v_alt_pattern_4, grunt_vaults_hallway_short, ontoclasm_vaults_pinch,
          vaults_room_stairs_pillars, uniq_frederick, uniq_jory, uniq_mennas
Vaults:4: v_misc_24, hangedman_vaults_corner, hangedman_vaults_impose,
          grunt_vaults_diagonal, v_pattern_3, hangedman_vaults_stagger,
          v_misc_33, nicolae_vaults_three_branches, hangedman_vaults_trim,
          ontoclasm_vaults_gateway, grunt_vaults_hallway_short,
          nicolae_vaults_rhombus_5
Crypt:1:  uniq_saint_roka
Crypt:2:  basic_altar, uniq_khufu, uniq_boris
Crypt:3:  grunt_crypt_end_deaths_head
Tomb:2:   uniq_mara
Depths:1: grunt_hell_entry_dis_mu, serial_corexii_hall, corexii_hall_statues_i,
          corexii_hall_statues_l, hangedman_decor_growths, nicolae_benzene_ring,
          nicolae_rare_books
Depths:2: spriggan_forest, hell_entry, serial_shops, uniq_asterion
Depths:3: cell_vault, rand_demon_pan_entry_9, hell_entry, serial_bayou_shore_b,
          infiniplex_staircase_x, serial_bayou_shore_a
Depths:4: lemuel_ice_spiral_2, grunt_metal_band, hangedman_abyss_entry_splay,
          roderic_lattice_octagonal_star
Depths:5: lemuel_castle_with_subvaults, abyss_entry, hell_entry, serial_shops,
          shop, uniq_margery
Geh:1:    nicolae_geh_fiery_graves
Geh:6:    lemuel_flamethrower_2
Geh:7:    evilmike_geh
Zot:1:    hangedman_zot_decor_tridents
Zot:3:    basic_altar, grunt_ministairs_7, basic_stair_grate_trap
Abyss:2:  due_exit_kobolds
Abyss:4:  evilmike_abyss_exit_vortex, hangedman_abyss_lost_library, minivault_4,
          minivault_23, evilmike_abyss_exit_16,
          hangedman_abyss_rune_macabre_mess
Lab:      labyrinth_watery, labyrinth_lava_lair, labyrinth_skeletal_remains
Sewer:    sewer_fruit_machine
IceCv:    ice_cave_tombish

Action                   |  1- 3 |  4- 6 |  7- 9 | 10-12 | 13-15 | 16-18 | 19-21 | 22-24 | 25-27 || total
-------------------------+-------+-------+-------+-------+-------+-------+-------+-------+-------++-------
Melee: Flail             |    84 |   227 |    59 |       |       |       |       |       |       ||   370
       Whip              |       |       |   382 |   175 |       |       |       |       |       ||   557
       Morningstar       |       |       |       |   100 |       |       |       |       |   716 ||   816
       Mace              |       |       |       |   745 |  2046 |       |       |       |       ||  2791
       Demon whip        |       |       |       |       |   408 |  2188 |  2186 |  2696 |  2120 ||  9598
       Sacred scourge    |       |       |       |       |       |       |       |       |  3108 ||  3108
       Eveningstar       |       |       |       |       |       |       |       |       |    19 ||    19
       Rod               |       |       |       |       |       |       |       |       |     2 ||     2
Throw: Tomahawk          |       |       |       |     7 |       |       |       |       |       ||     7
Invok: Heroism           |       |       |     2 |    10 |    16 |    14 |     9 |    14 |     7 ||    72
 Abil: Stop Flying       |       |       |       |       |     1 |       |       |     3 |     1 ||     5
       Evoke Flight      |       |       |       |       |     1 |       |       |     3 |     1 ||     5
Evoke: Wand              |       |       |       |     3 |     2 |     9 |     1 |       |     6 ||    21
       Lamp of fire      |       |       |       |       |     1 |     1 |       |     1 |       ||     3
       Rod               |       |       |       |       |       |     1 |     4 |       |    22 ||    27
  Use: Scroll            |       |    12 |     5 |    15 |     4 |    10 |     6 |     6 |    34 ||    92
       Potion            |       |     2 |     2 |     1 |     1 |     5 |     3 |       |    17 ||    31
 Stab: Petrified         |       |       |       |       |     4 |       |       |       |       ||     4
       Distracted        |       |       |       |       |       |     1 |     1 |     3 |     2 ||     7
       Confused          |       |       |       |       |       |       |       |     3 |       ||     3
       Invisible         |       |       |       |       |       |       |       |       |     1 ||     1
  Eat: Chunk             |       |     7 |    17 |    22 |    39 |    40 |    23 |    18 |    53 ||   219
       Pizza             |       |       |       |     3 |     1 |     1 |     1 |     3 |     1 ||    10
       Beef jerky        |       |       |       |     1 |       |     1 |       |       |     1 ||     3
       Fruit             |       |       |       |     2 |     1 |       |       |     3 |    16 ||    22
       Meat ration       |       |       |       |       |     2 |     1 |     2 |     1 |    15 ||    21
       Bread ration      |       |       |       |       |     1 |       |     1 |     3 |     5 ||    10
       Royal jelly       |       |       |       |       |       |       |       |       |     1 ||     1
